 Dungeon Crawl Stone Soup version 0.15.2 (webtiles) character file.

11811 Fiveotanaka the Ripper (level 11, -4/79 HPs)
             Began as a Felid Berserker on Dec 21, 2014.
             Was a High Priest of Trog.
             Slain by a jumping spider (13 damage)
             ... on Level 4 of the Lair of Beasts.
             The game lasted 01:06:35 (12697 turns).

Fiveotanaka the Ripper (Felid Berserker)           Turns: 12697, Time: 01:06:35

HP  -4/79        AC  2     Str 18      XL: 11   Next: 54%
MP  18/18        EV 34     Int 10      God: Trog [*****.]
Gold 581         SH  0     Dex 22      Spells:  0 memorised, 10 levels left
Lives: 0, deaths: 3

rFire  . . .     SeeInvis +       - Unarmed
rCold  . . .     Clarity  .     (armour unavailable)
rNeg   + . .     rCorr    .     (shield unavailable)
rPois  .         rRot     .     (helmet unavailable)
rElec  .         Spirit   .     (cloak unavailable)
SustAb .         Warding  +     (gloves unavailable)
rMut   .         Stasis   .     (boots unavailable)
Gourm  .                        i - amulet of warding
MR     +++..                    A - +3 ring of evasion
                                f - ring of regeneration

@: berserking, lethally poisoned, regenerating, very quick, extremely resistant
to hostile enchantments, extremely unstealthy
A: paw claws, no armour, no weapons or thrown items, fangs 3, thin skeletal
structure 1, see invisible, agile 1, carnivore 3, deterioration 1, speed 1,
shaggy fur 2, slow metabolism 1, jump 2
a: Jump Attack, Burn Spellbooks, Berserk, Trog's Hand, Brothers in Arms,
Renounce Religion


You were on level 4 of the Lair of Beasts.
You worshipped Trog.
Trog was extremely pleased with you.
You were very full.

You visited 2 branches of the dungeon, and saw 14 of its levels.

You collected 698 gold pieces.
You spent 117 gold pieces at shops.

Inventory:

Magical devices
 l - a wand of paralysis (16)
 r - a wand of magic darts (10)
 s - a wand of polymorph (12)
 u - a wand of digging (15)
 B - a wand of frost (10)
 G - a wand of magic darts (12)
Comestibles
 c - 6 meat rations
 D - a slice of pizza
 E - 10 royal jellies
Scrolls
 a - a scroll of blinking
 b - 8 scrolls of magic mapping
 j - 2 scrolls of recharging
 k - a scroll of immolation
 n - 2 scrolls of remove curse
 o - 5 scrolls of teleportation
 p - a scroll of identify
 q - a scroll of silence {unknown}
 t - a scroll of random uselessness {unknown}
 y - 3 scrolls of fog
 F - a scroll of fear {unknown}
Jewellery
 f - a ring of regeneration (left paw)
 i - an amulet of warding (around neck)
 v - an uncursed ring of teleport control
 x - an uncursed ring of sustain abilities
 A - a +3 ring of evasion (right paw)
 C - an uncursed ring of positive energy
Potions
 d - 3 potions of lignification
 e - 2 potions of agility
 g - a potion of magic
 h - 4 potions of resistance
 m - a potion of brilliance
 w - 5 potions of heal wounds
 z - 4 potions of curing
Miscellaneous
 H - a sack of spiders


   Skills:
 - Level 9.1 Fighting
 - Level 11.5 Dodging
 - Level 8.0 Stealth
 + Level 15.8 Unarmed Combat


You had 10 spell levels left.
You didn't know any spells.

Dungeon Overview and Level Annotations

Branches:
Dungeon (9/15)             Temple (0/1) D:7            Lair (5/8) D:9
 Shoals (0/5) Lair:3
    Orc: D:9-12       Snake: Lair:3-6    Spider: Lair:3-6

Altars:
Dithmenos
Nemelex Xobeh
Okawaru
Xom

Shops:
D:6 *


Innate Abilities, Weirdness & Mutations

You cannot wear armour.
You are incapable of wielding weapons or throwing items.
Your paws have sharp claws.
You have razor-sharp teeth.
You have supernaturally acute eyesight.
You are carnivorous and can eat meat at any time.
You cover ground quickly.
You are covered in thick fur (AC +2).
You have a slow metabolism.
You can jump attack at a medium distance.
You have a somewhat thin skeletal structure (Dex +2, Stealth).
You are agile. (Dex +2)
Your body is slowly deteriorating.


Message History

The jumping spider barely misses you.
The jumping spider completely misses you.
The wolf spider hits you!!
* * * LOW HITPOINT WARNING * * *
The wolf spider closely misses you.
The jumping spider completely misses you.
The jumping spider misses you.
The jumping spider leaps!
Use which ability? (? or * to list)
A red film seems to cover your vision as you go berserk!
You feel yourself moving faster!
You feel mighty!
You feel somewhat less full.
The jumping spider completely misses you. x2
The wolf spider completely misses you. The wolf spider bites you!
* * * LOW HITPOINT WARNING * * *
You are poisoned.
The wolf spider poisons you!
You claw the wolf spider! You bite the wolf spider.
The wolf spider is almost dead.
You feel sick. The jumping spider pounces on you!
You die...

....#P...........##..##
.................#...P##
..####.....#......#....#
..# ##....#......P...##
..# ##.............##
#.# ##.##.....#...# ..#
s.##########...## ..##
^... ###.##.#....#
...##....##.....@.....#
....#.....#....ss.....#
....###.^.##.........##
......##...##........##
#...#..##.......##....##
.#.##...#.......P##....#
....##.............#..##
....#.....##.......#.##
....#.................#


You could see a wolf spider and a jumping spider.

Vanquished Creatures
  Rupert (Lair:3)
  Harold (Lair:1)
  9 death yaks
  A catoblepas (Lair:3)
  Nergalle (Lair:1)
  A wolf spider (Lair:4)
  A griffon (Lair:3)
  A black mamba (Lair:4)
  2 spiny frogs
  A komodo dragon (Lair:2)
  A hydra zombie (D:8)
  2 fire drakes
  Prince Ribbit (D:5)
  A snapping turtle (Lair:3)
  2 basilisks (Lair:2)
  3 deep elf magi (D:9)
  A wyvern (Lair:4)
  2 hippogriffs
  The ghost of DCMalleus the Pacifier, an average HuHe of Elyvilon (D:4)
  Edmund (D:6)
  Menkaure (D:7)
  7 water moccasins
  A yellow wasp (D:8)
  3 sky beasts
  2 orc warriors
  3 porcupines
  3 black bears
  A phantom (D:5)
  2 ogres
  3 centaurs
  7 crocodiles
  13 giant frogs
  4 scorpions
  The ghost of qq the Covered, a weakling HuFi (D:3)
  2 wights
  2 killer bees (D:8)
  5 crimson imps
  An elf zombie (D:8)
  4 goliath beetles
  A giant frog zombie (D:5)
  A centaur skeleton (D:6)
  6 jellies
  A black bear zombie (D:6)
  5 hounds
  4 orc wizards
  2 orc priests
  2 iguanas
  9 worker ants
  Jessica (D:3)
  A mummy (D:9)
  10 adders
  3 gnolls
  27 green rats
  3 giant mites
  4 worms
  An iguana skeleton (D:7)
  3 adder zombies
  7 giant geckos
  5 oozes (D:8)
  28 orcs
  7 giant cockroaches
  20 hobgoblins
  8 jackals
  17 kobolds
  7 quokkas
  2 ball pythons
  23 bats
  8 giant newts
  A giant newt skeleton (D:4)
  12 goblins
  2 hobgoblin skeletons
  2 kobold skeletons
  14 rats
346 creatures vanquished.

Vanquished Creatures (collateral kills)
  Gastronok (Lair:3)
  4 death yaks
  5 elephants (Lair:3)
  A spiny frog (Lair:3)
11 creatures vanquished.

Vanquished Creatures (others)
  A troll (Lair:3)
  2 ogres
  3 jackals (D:9)
6 creatures vanquished.

Grand Total: 363 creatures vanquished

Notes
Turn   | Place    | Note
--------------------------------------------------------------
     0 | D:1      | Fiveotanaka, the Felid Berserker, began the quest for the Orb.
     0 | D:1      | Reached XP level 1. HP: 10/10 MP: 2/2
   252 | D:1      | Reached XP level 2. HP: 14/14 MP: 3/3
   336 | D:1      | Acquired Trog's second power
   901 | D:1      | Reached XP level 3. HP: 13/17 MP: 5/5
  1252 | D:2      | Found an iron altar of Okawaru.
  1556 | D:2      | Reached skill level 5 in Unarmed Combat
  1556 | D:2      | Reached XP level 4. HP: 18/21 MP: 7/7
  1706 | D:3      | Noticed Jessica
  1710 | D:3      | Killed Jessica
  2053 | D:3      | Noticed qq's ghost (weakling HuFi)
  2067 | D:3      | Killed qq's ghost
  2067 | D:3      | Reached XP level 5. HP: 24/24 MP: 8/8
  2265 | D:4      | Noticed DCMalleus' ghost (average HuHe)
  2300 | D:4      | Killed DCMalleus' ghost
  2300 | D:4      | Reached skill level 6 in Unarmed Combat
  2300 | D:4      | Gained mutation: You are covered in thick fur (AC +2). [growing up]
  2300 | D:4      | Gained mutation: You can jump attack at a medium distance. [growing up]
  2300 | D:4      | Reached XP level 6. HP: 28/28 MP: 10/10
  2375 | D:4      | Acquired Trog's third power
  2382 | D:4      | Found a sparkling altar of Nemelex Xobeh.
  2411 | D:4      | Noticed an ogre
  2767 | D:4      | Killed an ogre
  2767 | D:4      | Reached skill level 7 in Unarmed Combat
  3036 | D:5      | Entered Level 5 of the Dungeon
  3143 | D:5      | Reached XP level 7. HP: 9/31 MP: 12/12
  3333 | D:5      | Found a shadowy altar of Dithmenos.
  3371 | D:5      | Noticed Prince Ribbit
  3381 | D:5      | Reached skill level 5 in Stealth
  3387 | D:5      | Killed Prince Ribbit
  3653 | D:5      | Reached skill level 8 in Unarmed Combat
  4081 | D:5      | Reached XP level 8. HP: 25/34 MP: 13/13
  4335 | D:6      | Reached skill level 5 in Dodging
  4417 | D:6      | Noticed Edmund
  4426 | D:6      | Killed Edmund
  4558 | D:6      | Reached skill level 9 in Unarmed Combat
  4866 | D:6      | Found Hobugaxt's General Store.
  4870 | D:6      | Bought 2 potions of confusion for 26 gold pieces
  4870 | D:6      | Bought a +1 ring of protection for 39 gold pieces
  4870 | D:6      | Bought 2 potions of degeneration for 52 gold pieces
  5280 | D:7      | Reached skill level 10 in Unarmed Combat
  5280 | D:7      | Reached XP level 9. HP: 25/37 MP: 15/15
  5567 | D:7      | Found a staircase to the Ecumenical Temple.
  5584 | D:7      | Noticed Menkaure
  5739 | D:7      | Killed Menkaure
  6754 | D:8      | Reached skill level 11 in Unarmed Combat
  7344 | D:8      | Reached skill level 12 in Unarmed Combat
  7732 | D:9      | Noticed a fire drake
  7847 | D:9      | Reached XP level 10. HP: 30/42 MP: 17/17
  7990 | D:9      | Killed a fire drake
  8171 | D:9      | Killed from afar by a deep elf mage
  8172 | D:9      | Reached XP level 9. HP: -9/37 MP: 15/15
  8392 | D:9      | Found a staircase to the Lair.
  8406 | Lair:1   | Entered Level 1 of the Lair of Beasts
  8419 | Lair:1   | Noticed Nergalle
  8432 | Lair:1   | Killed Nergalle
  8432 | Lair:1   | Reached skill level 13 in Unarmed Combat
  8455 | Lair:1   | Gained mutation: You are agile. (Dex +2) [potion of mutation]
  8455 | Lair:1   | Gained mutation: You have a somewhat thin skeletal structure (Dex +2, Stealth). [potion of mutation]
  8455 | Lair:1   | Gained mutation: Your body is slowly deteriorating. [potion of mutation]
  8551 | Lair:1   | Found a shimmering altar of Xom.
  8734 | Lair:1   | Noticed a spiny frog
  8798 | Lair:1   | Killed a spiny frog
  8803 | Lair:1   | Reached skill level 5 in Fighting
  9089 | Lair:1   | Noticed Harold
  9115 | Lair:1   | Killed Harold
  9115 | Lair:1   | Reached XP level 10. HP: 46/46 MP: 17/17
 10140 | Lair:2   | Reached skill level 10 in Dodging
 10573 | Lair:3   | Noticed a death yak
 10575 | Lair:3   | Noticed a death yak
 10587 | Lair:3   | Noticed a death yak
 10594 | Lair:3   | Killed a death yak
 10619 | Lair:3   | Killed a death yak
 10620 | Lair:3   | Killed a death yak
 10620 | Lair:3   | Reached skill level 14 in Unarmed Combat
 10620 | Lair:3   | Reached XP level 11. HP: 32/50 MP: 18/18
 10666 | Lair:3   | Noticed Gastronok
 10867 | Lair:3   | Slain by Gastronok
 10868 | Lair:3   | Reached XP level 10. HP: 0/70 MP: 17/17
 11009 | Lair:3   | Noticed a catoblepas
 11181 | Lair:3   | Noticed an elephant
 11181 | Lair:3   | Noticed an elephant
 11182 | Lair:3   | Noticed an elephant
 11183 | Lair:3   | Noticed an elephant
 11184 | Lair:3   | Noticed an elephant
 11196 | Lair:3   | Killed an elephant
 11198 | Lair:3   | Killed an elephant
 11202 | Lair:3   | Killed an elephant
 11205 | Lair:3   | Killed an elephant
 11208 | Lair:3   | Killed an elephant
 11405 | Lair:3   | Killed Gastronok
 11423 | Lair:3   | Noticed a griffon
 11469 | Lair:3   | Killed a griffon
 11469 | Lair:3   | Reached skill level 15 in Unarmed Combat
 11479 | Lair:3   | Killed from afar by a catoblepas
 11480 | Lair:3   | Reached XP level 9. HP: -1/43 MP: 15/15
 11525 | Lair:3   | Found a staircase to the Shoals.
 11625 | Lair:3   | Noticed Rupert
 11673 | Lair:3   | Killed Rupert
 11673 | Lair:3   | Reached XP level 10. HP: 47/47 MP: 17/17
 11850 | Lair:4   | Noticed a death yak
 11861 | Lair:4   | Noticed a death yak
 11864 | Lair:4   | Noticed a death yak
 11864 | Lair:4   | Noticed a death yak
 11864 | Lair:4   | Killed a death yak
 11865 | Lair:4   | Noticed a death yak
 11930 | Lair:4   | Noticed a death yak
 11933 | Lair:4   | Noticed a death yak
 11933 | Lair:4   | Noticed a death yak
 11934 | Lair:4   | Noticed a death yak
 11951 | Lair:4   | Noticed a death yak
 11952 | Lair:4   | Killed a death yak
 11998 | Lair:4   | Killed a death yak
 12001 | Lair:4   | Killed a death yak
 12148 | Lair:3   | Killed a catoblepas
 12148 | Lair:3   | Reached XP level 11. HP: 52/52 MP: 18/18
 12157 | Lair:3   | Killed a death yak
 12175 | Lair:4   | Killed a death yak
 12245 | Lair:4   | Noticed a black mamba
 12255 | Lair:4   | Killed a black mamba
 12477 | Lair:4   | Killed a death yak
 12481 | Lair:4   | Killed a death yak
 12486 | Lair:4   | Killed a death yak
 12489 | Lair:4   | Killed a death yak
 12678 | Lair:4   | Noticed a wolf spider
 12679 | Lair:4   | Noticed a wolf spider
 12679 | Lair:4   | Noticed a wolf spider
 12685 | Lair:4   | Killed a wolf spider
 12697 | Lair:4   | Slain by a jumping spider

Action                   |  1- 3 |  4- 6 |  7- 9 | 10-12 || total
-------------------------+-------+-------+-------+-------++-------
Melee: Unarmed           |   131 |   141 |   581 |   340 ||  1193
Invok: Berserk           |       |     4 |     9 |     7 ||    20
       Brothers in Arms  |       |       |     1 |     6 ||     7
       Trog's Hand       |       |       |     1 |     3 ||     4
Evoke: Wand              |     1 |     2 |       |     2 ||     5
  Use: Scroll            |     2 |     4 |     9 |     9 ||    24
       Potion            |       |       |     1 |     1 ||     2
 Stab: Sleeping          |     3 |     7 |    27 |    10 ||    47
       Distracted        |     2 |     1 |     3 |     4 ||    10
  Eat: Chunk             |     9 |     6 |    19 |    20 ||    54
       Beef jerky        |       |       |       |     2 ||     2
